[ AOE2 MATCH · #476039169 ]
UnrankedBerbers vs Vietnamese
[ REPLAY ANALYSIS · EXTRACTED FROM THE RECORDED GAME ]
Feudal
10:51
Castle
—
Imperial
—
| APM avg | 49.7 |
| APM peak | 89 |
| eAPM avg | 24.9 |
| Villagers / military | 45 / 21 |
Focus
⚔️ 10.0% · 🌾 90.0%
Archer ×12 · Scout Cavalry ×9 · Fishing Ship ×6
Feudal
9:27
Castle
—
Imperial
—
| APM avg | 53.6 |
| APM peak | 87 |
| eAPM avg | 16.1 |
| Villagers / military | 34 / 36 |
Focus
⚔️ 25.8% · 🌾 74.2%
Archer ×36
Feudal
10:56
Castle
—
Imperial
—
| APM avg | 34.6 |
| APM peak | 77 |
| eAPM avg | 17.9 |
| Villagers / military | 47 / 23 |
Focus
⚔️ 20.4% · 🌾 79.6%
Skirmisher ×15 · Fishing Ship ×8 · Militia ×4 · Spearman ×4
Feudal
10:06
Castle
24:03
Imperial
—
| APM avg | 50.1 |
| APM peak | 90 |
| eAPM avg | 25.9 |
| Villagers / military | 51 / 32 |
Focus
⚔️ 34.6% · 🌾 65.4%
Militia ×16 · Scout Cavalry ×13 · Spearman ×3
Match map
Initial resources + every placement click. Lines = walls · curves = elevation contours. ◆ gold · ⬟ stone · ● berries · ✦ relic · ◌ wall gap
Your base· ✓ Map-separated
Astor's base· ✓ Map-separated
out.c/imperator`'s base· ✓ Map-separated
Tedik500's base· ✓ Map-separated
Smoothed initial terrain · ◌ = detected wall gap · hover for details
Inputs per minute
— DrunkMonk - - Astor
Build order — DrunkMonk
109 actions detected in the replay
| 0:00 | Create | Villager (Male) |
| 0:00 | Create | Villager (Male) |
| 0:01 | Create | Villager (Male) |
| 0:01 | Create | Villager (Male) |
| 0:03 | Build | House |
| 0:06 | Build | House |
| 1:34 | Create | Villager (Male) |
| 1:53 | Build | Lumber Camp |
| 2:10 | Create | Villager (Male) |
| 2:24 | Create | Villager (Male) |
| 2:49 | Create | Villager (Male) |
| 3:27 | Create | Villager (Male) |
| 3:36 | Build | House |
| 3:37 | Build | House |
| 3:58 | Create | Villager (Male) |
| 4:05 | Create | Villager (Male) |
| 4:48 | Create | Villager (Male) |
| 4:48 | Create | Villager (Male) |
| 5:07 | Build | Lumber Camp |
| 5:08 | Create | Villager (Male) |
| 5:45 | Create | Villager (Male) |
| 6:27 | Create | Villager (Male) |
| 6:27 | Create | Villager (Male) |
| 6:28 | Create | Villager (Male) |
| 6:28 | Create | Villager (Male) |
| 6:34 | Build | Mill |
| 7:09 | Research | Loom |
| 7:36 | Build | House |
| 7:36 | Build | House |
| 7:42 | Create | Villager (Male) |
| 8:41 | Research | Feudal Age |
| 8:52 | Build | Barracks |
| 9:02 | Build | Dock |
| 9:25 | Build | Farm |
| 9:25 | Build | Farm |
| 9:46 | Create | Fishing Ship |
| 9:46 | Create | Fishing Ship |
| 10:02 | Create | Villager (Male) |
| 10:03 | Create | Villager (Male) |
| 10:28 | Create | Fishing Ship |
| 10:51 | Age | Feudal Age |
| 10:52 | Build | Stable |
| 12:19 | Create | Scout Cavalry |
| 12:19 | Create | Scout Cavalry |
| 12:26 | Build | Farm |
| 12:26 | Build | Farm |
| 12:27 | Build | Farm |
| 12:27 | Build | Farm |
| 12:34 | Create | Fishing Ship |
| 12:34 | Create | Fishing Ship |
| 12:41 | Create | Scout Cavalry |
| 12:42 | Create | Scout Cavalry |
| 13:16 | Build | Farm |
| 13:16 | Build | Farm |
| 13:16 | Build | Farm |
| 13:17 | Create | Villager (Male) |
| 13:53 | Create | Scout Cavalry |
| 14:23 | Create | Villager (Male) |
| 14:23 | Create | Villager (Male) |
| 14:24 | Create | Villager (Male) |
| 14:39 | Create | Villager (Male) |
| 14:51 | Build | Archery Range |
| 14:53 | Create | Villager (Male) |
| 15:03 | Build | Mining Camp |
| 15:34 | Build | House |
| 15:44 | Build | Gate |
| 15:48 | Create | Villager (Male) |
| 15:48 | Create | Villager (Male) |
| 15:55 | Create | Archer |
| 16:34 | Create | Archer |
| 16:43 | Build | Blacksmith |
| 16:50 | Research | Double-Bit Axe |
| 17:07 | Create | Archer |
| 17:42 | Create | Archer |
| 18:01 | Build | Mining Camp |
| 18:03 | Create | Villager (Male) |
| 18:03 | Create | Villager (Male) |
| 18:03 | Create | Villager (Male) |
| 18:04 | Create | Villager (Male) |
| 18:10 | Build | Farm |
| 18:13 | Build | House |
| 18:13 | Build | House |
| 18:20 | Build | House |
| 18:20 | Build | House |
| 18:20 | Build | House |
| 18:36 | Research | Fletching |
| 18:40 | Create | Archer |
| 18:54 | Create | Fishing Ship |
| 19:05 | Create | Archer |
| 19:05 | Create | Archer |
| 20:10 | Build | Stable |
| 20:14 | Create | Villager (Male) |
| 20:14 | Create | Villager (Male) |
| 20:15 | Create | Villager (Male) |
| 20:33 | Build | Watch Tower |
| 20:45 | Create | Scout Cavalry |
| 20:45 | Create | Scout Cavalry |
| 20:45 | Create | Scout Cavalry |
| 20:46 | Create | Scout Cavalry |
| 20:52 | Create | Archer |
| 20:52 | Create | Archer |
| 20:53 | Create | Archer |
| 21:22 | Create | Archer |
| 21:22 | Create | Archer |
| 22:21 | Create | Villager (Male) |
| 22:21 | Create | Villager (Male) |
| 22:21 | Create | Villager (Male) |
| 22:21 | Create | Villager (Male) |
| 23:52 | Create | Villager (Male) ×4 |
Build order — Astor
104 actions detected in the replay
| 0:00 | Create | Villager (Male) |
| 0:01 | Create | Villager (Male) |
| 0:03 | Build | House |
| 0:04 | Build | House |
| 0:39 | Create | Villager (Male) |
| 0:39 | Create | Villager (Male) |
| 1:40 | Create | Villager (Male) |
| 2:11 | Create | Villager (Male) |
| 2:11 | Create | Villager (Male) |
| 2:18 | Build | Lumber Camp |
| 2:24 | Build | Lumber Camp |
| 2:30 | Create | Villager (Male) |
| 2:55 | Create | Villager (Male) |
| 3:21 | Create | Villager (Male) |
| 3:36 | Build | House |
| 3:44 | Create | Villager (Male) |
| 4:13 | Create | Villager (Male) |
| 4:32 | Create | Villager (Male) |
| 4:50 | Create | Villager (Male) |
| 5:09 | Create | Villager (Male) |
| 5:09 | Create | Villager (Male) |
| 5:31 | Create | Villager (Male) |
| 6:27 | Build | Mining Camp |
| 6:44 | Create | Villager (Male) |
| 6:50 | Research | Loom |
| 7:17 | Research | Feudal Age |
| 8:06 | Build | House |
| 8:36 | Build | Barracks |
| 8:40 | Create | Villager (Male) |
| 9:27 | Age | Feudal Age |
| 9:29 | Build | Archery Range |
| 10:10 | Create | Archer |
| 10:19 | Build | Archery Range |
| 10:32 | Create | Archer |
| 10:59 | Create | Archer |
| 11:00 | Create | Archer |
| 11:11 | Create | Archer |
| 11:17 | Build | Mill |
| 11:30 | Create | Archer |
| 11:54 | Create | Villager (Male) |
| 12:10 | Create | Archer |
| 12:11 | Create | Archer |
| 12:12 | Create | Archer |
| 12:35 | Create | Archer |
| 12:35 | Create | Archer |
| 12:44 | Create | Archer |
| 12:45 | Create | Archer |
| 13:01 | Build | Palisade Wall |
| 13:12 | Build | Palisade Wall |
| 13:23 | Build | Watch Tower |
| 13:35 | Create | Archer |
| 13:35 | Create | Archer |
| 14:09 | Create | Villager (Male) |
| 14:13 | Create | Archer |
| 14:37 | Build | Palisade Wall |
| 15:03 | Build | Blacksmith |
| 15:38 | Create | Villager (Male) |
| 15:45 | Build | Mill |
| 15:49 | Create | Archer |
| 15:50 | Create | Archer |
| 16:50 | Create | Villager (Male) |
| 16:54 | Create | Archer |
| 16:54 | Create | Archer |
| 17:32 | Build | Palisade Wall |
| 17:34 | Create | Villager (Male) |
| 17:42 | Create | Archer |
| 17:42 | Create | Archer |
| 18:04 | Create | Villager (Male) |
| 18:18 | Create | Archer |
| 18:18 | Create | Archer |
| 18:36 | Create | Archer |
| 18:37 | Create | Archer |
| 18:57 | Research | Fletching |
| 19:35 | Create | Villager (Male) |
| 20:17 | Create | Villager (Male) |
| 20:17 | Create | Villager (Male) |
| 20:18 | Create | Archer |
| 20:18 | Create | Archer |
| 20:25 | Build | House |
| 20:27 | Build | House |
| 21:19 | Create | Villager (Male) |
| 21:20 | Create | Villager (Male) |
| 21:57 | Build | Farm |
| 21:57 | Build | Farm |
| 21:58 | Build | Farm |
| 21:58 | Build | Farm |
| 21:58 | Build | Farm |
| 21:58 | Build | Farm |
| 21:59 | Build | Farm |
| 21:59 | Build | Farm |
| 21:59 | Build | Farm |
| 22:30 | Create | Archer |
| 22:30 | Create | Archer |
| 22:30 | Create | Archer |
| 22:30 | Create | Archer |
| 22:59 | Build | Lumber Camp |
| 23:13 | Create | Archer |
| 23:13 | Create | Archer |
| 23:35 | Create | Villager (Male) |
| 23:36 | Create | Villager (Male) |
| 23:43 | Create | Archer |
| 23:43 | Create | Archer |
| 24:13 | Create | Villager (Male) |
| 24:13 | Create | Villager (Male) |
Build order — out.c/imperator`
129 actions detected in the replay
| 0:01 | Create | Villager (Male) |
| 0:01 | Create | Villager (Male) |
| 0:02 | Build | House |
| 0:03 | Build | House |
| 0:16 | Create | Villager (Male) |
| 0:17 | Create | Villager (Male) |
| 1:25 | Create | Villager (Male) |
| 1:48 | Build | Lumber Camp |
| 1:59 | Create | Villager (Male) |
| 2:15 | Create | Villager (Male) |
| 2:48 | Create | Villager (Male) |
| 3:01 | Create | Villager (Male) |
| 3:24 | Build | House |
| 3:37 | Create | Villager (Male) |
| 4:04 | Create | Villager (Male) |
| 4:13 | Build | Dock |
| 4:25 | Create | Villager (Male) |
| 4:56 | Build | House |
| 5:00 | Create | Fishing Ship |
| 5:06 | Create | Villager (Male) |
| 5:43 | Create | Villager (Male) |
| 5:44 | Create | Villager (Male) |
| 5:44 | Create | Villager (Male) |
| 6:02 | Create | Fishing Ship |
| 6:04 | Create | Fishing Ship |
| 6:29 | Create | Villager (Male) |
| 6:30 | Create | Villager (Male) |
| 6:38 | Build | Mill |
| 6:56 | Create | Villager (Male) |
| 7:00 | Create | Villager (Male) |
| 7:05 | Build | House |
| 7:19 | Create | Fishing Ship |
| 7:52 | Research | Loom |
| 7:59 | Create | Fishing Ship |
| 8:16 | Create | Fishing Ship |
| 8:20 | Build | House |
| 8:46 | Research | Feudal Age |
| 9:04 | Build | Barracks |
| 9:10 | Build | House |
| 9:38 | Create | Militia |
| 9:38 | Create | Militia |
| 9:45 | Build | House |
| 9:49 | Build | Palisade Wall |
| 9:55 | Build | Palisade Gate |
| 10:01 | Build | Mining Camp |
| 10:05 | Create | Militia |
| 10:10 | Create | Militia |
| 10:39 | Create | Fishing Ship |
| 10:53 | Build | Farm |
| 10:54 | Build | Farm |
| 10:54 | Build | Farm |
| 10:54 | Build | Farm |
| 10:54 | Build | Farm |
| 10:54 | Build | Farm |
| 10:55 | Build | Farm |
| 10:56 | Age | Feudal Age |
| 10:57 | Create | Villager (Male) |
| 11:04 | Research | Man-at-Arms (upgrade) |
| 11:24 | Create | Villager (Male) |
| 11:45 | Build | Palisade Wall |
| 11:46 | Build | Palisade Wall |
| 11:50 | Build | Palisade Gate |
| 11:59 | Create | Villager (Male) |
| 12:01 | Build | Farm |
| 12:02 | Build | Farm |
| 12:04 | Create | Villager (Male) |
| 12:35 | Research | Double-Bit Axe |
| 13:27 | Create | Villager (Male) |
| 13:32 | Build | Archery Range |
| 13:40 | Build | Watch Tower |
| 13:45 | Create | Villager (Male) |
| 14:13 | Create | Skirmisher |
| 14:13 | Create | Skirmisher |
| 14:17 | Build | Mill |
| 14:22 | Build | Farm |
| 14:38 | Create | Villager (Male) |
| 14:39 | Create | Villager (Male) |
| 14:59 | Create | Fishing Ship |
| 15:15 | Create | Spearman |
| 15:15 | Create | Spearman |
| 15:34 | Create | Villager (Male) |
| 15:35 | Create | Villager (Male) |
| 15:42 | Create | Villager (Male) |
| 15:42 | Create | Villager (Male) |
| 15:49 | Build | House |
| 16:07 | Create | Skirmisher |
| 16:07 | Create | Skirmisher |
| 17:50 | Create | Skirmisher |
| 17:51 | Create | Skirmisher |
| 17:57 | Build | Blacksmith |
| 17:59 | Create | Villager (Male) |
| 18:15 | Create | Villager (Male) |
| 18:26 | Research | Padded Archer Armor |
| 18:37 | Create | Villager (Male) |
| 18:51 | Create | Villager (Male) |
| 18:52 | Create | Villager (Male) |
| 19:33 | Research | Fletching |
| 19:33 | Research | Fletching |
| 19:45 | Create | Skirmisher |
| 19:59 | Build | House |
| 20:04 | Create | Villager (Male) |
| 20:07 | Build | Farm |
| 20:07 | Build | Farm |
| 20:07 | Build | Farm |
| 20:07 | Build | Farm |
| 20:08 | Build | Farm |
| 20:08 | Build | Farm |
| 20:16 | Create | Skirmisher ×3 |
| 20:36 | Create | Villager (Male) |
| 20:37 | Create | Villager (Male) |
| 20:37 | Create | Villager (Male) |
| 21:06 | Create | Spearman |
| 21:06 | Create | Spearman |
| 21:36 | Create | Skirmisher |
| 21:37 | Create | Skirmisher |
| 21:37 | Create | Skirmisher |
| 21:52 | Create | Villager (Male) |
| 21:52 | Create | Villager (Male) |
| 22:46 | Create | Villager (Male) |
| 22:46 | Create | Villager (Male) |
| 22:46 | Create | Villager (Male) |
| 22:46 | Create | Villager (Male) |
| 23:28 | Build | Farm |
| 23:39 | Build | Farm |
| 23:39 | Build | Farm |
| 23:43 | Build | House |
| 23:48 | Build | House |
| 24:07 | Create | Skirmisher |
| 24:07 | Create | Skirmisher |
Build order — Tedik500
First 150 of 157 actions detected
| 0:01 | Create | Villager (Male) ×4 |
| 0:02 | Build | House |
| 0:03 | Build | House |
| 1:25 | Create | Villager (Male) |
| 1:49 | Build | Lumber Camp |
| 1:57 | Create | Villager (Male) |
| 2:22 | Create | Villager (Male) |
| 2:54 | Create | Villager (Male) |
| 3:14 | Create | Villager (Male) |
| 3:26 | Build | House |
| 3:44 | Create | Villager (Male) |
| 3:45 | Create | Villager (Male) |
| 4:01 | Create | Villager (Male) |
| 4:28 | Create | Villager (Male) |
| 4:55 | Create | Villager (Male) |
| 5:05 | Create | Villager (Male) |
| 5:23 | Create | Villager (Male) |
| 5:29 | Build | House |
| 5:45 | Create | Villager (Male) |
| 5:59 | Create | Villager (Male) |
| 6:06 | Build | Mill |
| 6:49 | Create | Villager (Male) |
| 7:05 | Create | Villager (Male) |
| 7:46 | Research | Feudal Age |
| 7:51 | Research | Loom |
| 8:25 | Build | Barracks |
| 8:36 | Build | Mining Camp |
| 8:57 | Build | Palisade Wall |
| 9:09 | Create | Militia |
| 9:10 | Create | Militia |
| 9:10 | Create | Militia |
| 9:10 | Create | Militia |
| 9:49 | Build | Palisade Wall |
| 10:06 | Age | Feudal Age |
| 10:14 | Research | Man-at-Arms (upgrade) |
| 10:19 | Create | Villager (Male) |
| 10:31 | Build | Blacksmith |
| 10:37 | Build | House |
| 10:44 | Create | Militia |
| 10:52 | Research | Double-Bit Axe |
| 10:53 | Create | Villager (Male) |
| 11:07 | Create | Militia |
| 11:32 | Create | Villager (Male) |
| 11:32 | Create | Villager (Male) |
| 11:50 | Create | Villager (Male) |
| 11:52 | Build | Farm |
| 11:52 | Research | Horse Collar |
| 11:59 | Create | Militia |
| 11:59 | Create | Militia |
| 12:23 | Build | Farm |
| 12:28 | Build | Palisade Wall |
| 12:33 | Create | Spearman |
| 12:39 | Create | Villager (Male) |
| 12:42 | Build | Farm |
| 12:47 | Build | House |
| 12:51 | Build | House |
| 13:06 | Create | Spearman |
| 13:10 | Create | Villager (Male) |
| 13:15 | Build | Farm |
| 13:35 | Build | Farm |
| 13:36 | Build | Farm |
| 13:40 | Build | Farm |
| 13:46 | Create | Villager (Male) |
| 13:53 | Build | Lumber Camp |
| 14:07 | Create | Villager (Male) |
| 14:09 | Build | Farm |
| 14:10 | Build | Farm |
| 14:12 | Build | Farm |
| 14:21 | Create | Militia |
| 14:40 | Build | Farm |
| 14:40 | Build | Farm |
| 14:44 | Create | Villager (Male) |
| 14:47 | Build | Farm |
| 14:57 | Create | Spearman |
| 14:59 | Create | Militia |
| 15:04 | Build | Palisade Wall |
| 15:14 | Build | Palisade Gate |
| 15:15 | Build | Palisade Wall |
| 15:17 | Create | Villager (Male) |
| 15:19 | Build | Palisade Gate |
| 15:22 | Build | Palisade Wall |
| 15:23 | Build | Palisade Wall |
| 15:30 | Build | Farm |
| 15:30 | Create | Villager (Male) |
| 15:40 | Create | Villager (Male) |
| 16:00 | Build | Farm |
| 16:03 | Build | Mill |
| 16:05 | Build | Farm |
| 16:08 | Build | Farm |
| 16:08 | Create | Villager (Male) |
| 16:12 | Build | Farm |
| 16:16 | Create | Militia |
| 16:16 | Create | Militia |
| 16:22 | Build | Farm |
| 16:38 | Build | Farm |
| 16:44 | Build | House |
| 17:07 | Create | Villager (Male) |
| 17:08 | Create | Villager (Male) |
| 17:11 | Build | Farm |
| 17:12 | Build | Farm |
| 17:31 | Create | Militia |
| 17:42 | Build | Stable |
| 17:50 | Research | Forging |
| 17:53 | Create | Villager (Male) |
| 18:02 | Build | Lumber Camp |
| 18:08 | Build | House |
| 18:13 | Create | Villager (Male) |
| 18:19 | Build | House |
| 18:21 | Create | Militia |
| 18:22 | Create | Militia |
| 18:38 | Build | Mill |
| 18:39 | Build | Farm |
| 18:39 | Build | Farm |
| 18:43 | Create | Villager (Male) |
| 18:44 | Create | Scout Cavalry |
| 18:44 | Create | Scout Cavalry |
| 18:47 | Build | Farm |
| 18:59 | Research | Scale Barding Armor |
| 19:17 | Create | Villager (Male) |
| 19:19 | Build | Farm |
| 19:22 | Build | House |
| 19:23 | Build | House |
| 19:25 | Create | Villager (Male) |
| 19:45 | Create | Villager (Male) |
| 19:51 | Build | Farm |
| 19:53 | Build | Farm |
| 20:04 | Create | Militia |
| 20:14 | Create | Scout Cavalry |
| 20:14 | Create | Scout Cavalry |
| 20:33 | Create | Villager (Male) |
| 20:37 | Build | Market |
| 20:43 | Research | Scale Mail Armor |
| 20:44 | Create | Villager (Male) |
| 20:45 | Create | Villager (Male) |
| 20:56 | Create | Villager (Male) |
| 21:18 | Build | Mining Camp |
| 21:23 | Research | Castle Age |
| 21:54 | Create | Villager (Male) |
| 21:58 | Build | Farm |
| 22:00 | Create | Villager (Male) |
| 22:00 | Create | Villager (Male) |
| 22:09 | Create | Villager (Male) |
| 22:11 | Build | Stable |
| 22:14 | Create | Scout Cavalry |
| 22:14 | Create | Scout Cavalry |
| 22:15 | Create | Scout Cavalry |
| 22:24 | Research | Bloodlines |
| 22:57 | Create | Scout Cavalry |
| 23:10 | Research | Gold Mining |
| 23:13 | Research | Stone Mining |
Match timeline
| 4:13 | out.c/imperator` · first_building Dock |
| 8:25 | Tedik500 · first_building Barracks |
| 8:36 | Astor · first_building Barracks |
| 8:52 | DrunkMonk · first_building Barracks |
| 8:57 | Tedik500 · wall_segment Palisade Wall x8 |
| 9:02 | DrunkMonk · first_building Dock |
| 9:04 | out.c/imperator` · first_building Barracks |
| 9:27 | Astor · age_up feudal |
| 9:29 | Astor · first_building Archery Range |
| 9:49 | out.c/imperator` · wall_segment Palisade Wall x6 |
| 9:49 | Tedik500 · wall_segment Palisade Wall x7 |
| 10:06 | Tedik500 · age_up feudal |
| 10:51 | DrunkMonk · age_up feudal |
| 10:52 | DrunkMonk · first_building Stable |
| 10:56 | out.c/imperator` · age_up feudal |
| 11:45 | out.c/imperator` · wall_segment Palisade Wall x6 |
| 11:46 | out.c/imperator` · wall_segment Palisade Wall x10 |
| 12:28 | Tedik500 · wall_segment Palisade Wall x6 |
| 13:01 | Astor · wall_segment Palisade Wall x7 |
| 13:12 | Astor · wall_segment Palisade Wall x6 |
| 13:32 | out.c/imperator` · first_building Archery Range |
| 14:37 | Astor · wall_segment Palisade Wall x1 |
| 14:51 | DrunkMonk · first_building Archery Range |
| 15:04 | Tedik500 · wall_segment Palisade Wall x1 |
| 15:15 | Tedik500 · wall_segment Palisade Wall x1 |
| 15:22 | Tedik500 · wall_segment Palisade Wall x1 |
| 15:23 | Tedik500 · wall_segment Palisade Wall x1 |
| 17:32 | Astor · wall_segment Palisade Wall x1 |
| 17:42 | Tedik500 · first_building Stable |
| 24:03 | Tedik500 · age_up castle |
| 24:10 | Tedik500 · tribute_sent a jugador 1 |
| 24:10 | Tedik500 · tribute_sent a jugador 2 |
| 24:10 | Tedik500 · tribute_sent a jugador 3 |
| 24:12 | out.c/imperator` · resign |
[ AI ANALYSIS · 1 CREDIT ]
What really happened in this match?
Wolo.gg analyzes every decision: build order, eco, micro, common mistakes by bracket. Personalized analysis on WhatsApp or Discord in 30 seconds.
Civ guide
Berbers
Perfil
DrunkMonk